 Dungeon Crawl Stone Soup version 0.31-a0-1405-g2bb1a01664 (webtiles) character file.

Game seed: 12048296828590685783

151 jasper the Digger (level 4, 0/29 (33) HPs)
             Began as a Demigod Earth Elementalist on Dec 25, 2023.
             Slain by Duvessa
             ... wielding a +1 short sword of draining
              (9 damage)
             ... on level 4 of the Dungeon.
             The game lasted 00:04:00 (3411 turns).

jasper the Digger (Demigod Earth Elementalist)      Turns: 3411, Time: 00:04:00

HP:   0/29 (33)     AC:  6    Str:  6    XL:     4   Next: 85%
MP:   8/9           EV: 11    Int: 21    God:
Gold: 267           SH:  0    Dex: 14    Spells: 1/7 levels left

rFire   . . .        g - +0 dagger (venom)
rCold   . . .        (no shield)
rNeg    . . .        k - +3 leather armour "Gokkiuc" {+Inv Will++ Str-3}
rPois   .            (no helmet)
rElec   .            (no cloak)
rCorr   .            (no gloves)
SInv    .            (no boots)
Will    ++...        (no amulet)
Stlth   ++           (no ring)
HPRegen 0.24/turn    (no ring)
MPRegen 0.11/turn

%: no passive effects
@: heavily drained
A: high MP 1, forlorn, divine attributes
a: Evoke Invisibility


You were on level 4 of the Dungeon.
You visited 1 branch of the dungeon, and saw 4 of its levels.

You collected 267 gold pieces.

Inventory:

Hand Weapons
 c - a +0 dagger
 g - a +0 dagger of venom (weapon)
Armour
 a - a +1 robe
 d - a +0 hat
 k - the +3 leather armour "Gokkiuc" (worn) {+Inv Will++ Str-3}
   (You found it on level 2 of the Dungeon)

   Str-3:     It affects your strength (-3).
   Will++:    It greatly increases your willpower.
   +Inv:      It lets you turn invisible.
Wands
 h - a wand of digging (8)
 n - a wand of flame (6)
Potions
 b - a potion of magic
 e - 2 potions of curing
 f - 3 potions of lignification {unknown}
 i - a potion of invisibility {unknown}
 j - 2 potions of enlightenment
 l - a potion of brilliance {unknown}
 m - a potion of resistance {unknown}


   Skills:
 - Level 1.7 Dodging
 - Level 1.7 Stealth
 - Level 2.0 Spellcasting
 + Level 5.2 Earth Magic
 - Level 0.8 Alchemy


You had one spell level left.
You knew the following spells:

 Your Spells              Type           Power      Damage    Failure   Level
a - Sandblast             Erth           48%        2d12      2%          1
b - Passwall              Alch/Erth      11%        N/A       10%         2
c - Stone Arrow           Conj/Erth      26%        3d8       24%         3

Your spell library contained the following spells:

 Spells                   Type           Power      Damage    Failure   Level
 Freeze                   Ice            8%         1d3       22%         1
 Kiss of Death            Conj/Necr      8%         2d6       22%         1
 Slow                     Hex            8%         N/A       22%         1
 Petrify                  Alch/Erth      14%        N/A       54%         4
 Confusing Touch          Hex            2%         N/A       56%         3
 Frozen Ramparts          Ice            4%         1d1       56%         3
 Hailstorm                Conj/Ice       2%         3d5       56%         3
 Sigil of Binding         Hex            2%         N/A       56%         3
 Vampiric Draining        Necr           2%         2d6       56%         3
 Animate Armour           Summ/Erth      26%        N/A       61%         4
 Brom's Barrelling Bould  Conj/Erth      13%        2d4       61%         4
 Dispel Undead            Necr           2%         3d7       92%         4
 Lehudib's Crystal Spear  Conj/Erth      6%         10d3      100%        8


Dungeon Overview and Level Annotations

Branches:
Dungeon (4/15)
 Temple: D:4-7

Shops:
D:3 (

Annotations:
D:4 exclusion: black bear, Dowan, Duvessa


Innate Abilities, Weirdness & Mutations

You have an increased reservoir of magic. (+10% MP)
You shall have no god before yourself.
Your divine heritage dramatically boosts your attributes as you level up.


Message History

Dowan is moderately wounded.
Dowan hits you but does no damage.
You now have 7/9 mp.
You hit Dowan.
Dowan is poisoned.
Dowan is heavily wounded.
Dowan casts a spell.
Dowan blinks!
A kobold comes into view. It is wielding a +0 short sword.
Found a stone staircase leading down.
You catch the helpless kobold completely off-guard!
You hit the kobold.
You kill the kobold!
Duvessa, Sister of Dowan comes into view.
She is wielding a +1 short sword of draining.
Your magical contamination has completely faded away.
Things that are here:
a +0 short sword; 4 stones; a granite talisman Duvessa shouts!
Duvessa hits you with a +1 short sword of draining.
You feel drained.
You take 6 damage, and have 27/32 hp.
You closely miss Duvessa.
Duvessa hits you with a +1 short sword of draining.
You feel drained.
You take 4 damage, and have 23/31 hp.
You closely miss Duvessa. Duvessa barely misses you.
You hit Duvessa but do no damage. Dowan gestures at you while chanting.
You resist with almost no effort.
Duvessa hits you with a +1 short sword of draining.
You feel drained.
You take 1 damage, and have 22/30 hp.
You hit Duvessa but do no damage.
Duvessa is poisoned.
Duvessa hits you with a +1 short sword of draining!
You feel drained.
You take 8 damage, and have 14/29 hp.
MASSIVE DAMAGE!!
You barely miss Duvessa.
Dowan points at you and mumbles some strange words.
The puff of flame hits you.
Duvessa hits you with a +1 short sword of draining!
You die...

######## #### #......#
# ... #....#.# #
#.######.# #..#####
##.#..e)....# #......#
#>...@#####.###..###.#
#.....e## #....#.# #.#
#...... #...e..# #.#
#.##.#. ######## #.# #
#... #<# # #.
#######.# #. .........
.. ..####### #


You could see Duvessa (very poisoned) and Dowan (poisoned).

Vanquished Creatures
  4 gnolls (D:4)
  2 adders
  A shadow imp (D:4)
  A worm (D:2)
  3 dart slugs
  2 orcs
  9 endoplasms
  A giant cockroach (D:3)
  8 goblins
  7 hobgoblins
  5 jackals
  3 quokkas
  4 ball pythons
  6 bats
  8 frilled lizards
  5 kobolds
  7 rats
76 creatures vanquished.

Notes
Turn   | Place    | Note
-------+----------+-------------------------------------------
     0 | D:1      | jasper the Demigod Earth Elementalist began the quest for
                  | the Orb.
     0 | D:1      | Reached XP level 1. HP: 14/14 MP: 5/5
   215 | D:1      | Reached skill level 3 in Earth Magic
   571 | D:1      | Reached XP level 2. HP: 20/20 MP: 2/7
   575 | D:1      | Learned a level 2 spell: Passwall
  1231 | D:2      | Reached XP level 3. HP: 26/26 MP: 5/8
  1237 | D:2      | Learned a level 3 spell: Stone Arrow
  1391 | D:2      | Reached skill level 4 in Earth Magic
  1755 | D:2      | Identified the +3 leather armour "Gokkiuc" {+Inv Will++
                  | Str-3}
  2273 | D:3      | Found Bolewes's Weapon Emporium.
  2516 | D:3      | Reached XP level 4. HP: 33/33 MP: 6/9
  3110 | D:4      | Noticed a black bear
  3169 | D:4      | Reached skill level 5 in Earth Magic
  3396 | D:4      | Noticed Dowan
  3404 | D:4      | Noticed Duvessa
  3411 | D:4      | Slain by Duvessa

Illustrated notes

Levels and vault maps discovered:
D:1:      psy_arrival_radial01, layout_basic, dreamdust_princess_corridor
D:2:      layout_basic, shapermc_ecumenical_altar_mp_highgroup,
          grunt_decor_fettered
D:3:      minmay_diamond_boxcup, layout_basic, serial_shops, shop,
          corexii_leaking_fountain
D:4:      layout_loops_cross, uniq_duvessa

Skill      XL: |  1  2  3  4 |
---------------+-------------+-----
Spellcasting   | 2 |  2.0
Earth Magic    | 3 4 5 |  5.2
Dodging        | |  1.7
Stealth        | |  1.7
Alchemy        | |  0.8

Action                     |  1- 3 |  4- 6 || total
---------------------------+-------+-------++-------
  Melee: Dagger            |       |     8 ||     8
   Cast: Sandblast         |    74 |    27 ||   101
    Use: Scroll            |     4 |     1 ||     5
   Stab: Distracted        |       |     1 ||     1
 Armour: Robe              |     6 |       ||     6
         Leather armour    |     2 |    15 ||    17
  Dodge: Dodged            |    10 |     7 ||    17

Table legend: (Time is in decaauts)
 A = Elapsed time spent in this place.
 B = Non-inter-level travel time spent in this place.
 C = Inter-level travel time spent in this place.
 D = Time resting spent in this place.
 E = Time spent auto-exploring this place.
 F = Levels seen in this place.
 G = Mean time per level.
                   A        B        C        D        E       F      G
               +--------+--------+--------+--------+--------+-----+--------+
         Total |   3459 |   3415 |     44 |      5 |   2994 |   4 |  864.8 |
       Dungeon |   3459 |   3415 |     44 |      5 |   2994 |   4 |  864.8 |
               +--------+--------+--------+--------+--------+-----+--------+

Top non-repeatable levels by time:
     D:3: 1166 daAuts
     D:1: 940 daAuts
     D:2: 894 daAuts
     D:4: 457 daAuts
